AoeStats
← 牛牛

Arabia

509558713Analyzed
4v4 RM · 5d ago on Sep 27, 2026· 57m 56s· 8 players
Game mode
Random Map
Map size
Large (8 player)
Population
200
Speed
Normal
Resources
Standard
Victory
Conquest
Starting age
Dark Age
Ending age
Imperial Age
RankedLock teamsTeams togetherTeam positionsShared explorationLock speedFull tech treeHidden civsTurbo modeCheats
Victory
Defeat
🇨🇳 Vikings · China
751
+15
🇹🇼 Saxons · Taiwan
731
+16
🇨🇳 Huns · China
709
+17
🇨🇳 Vikings · China
642
+18
🇺🇸 Cumans · United States
782
-19
🇹🇷 Japanese · Türkiye
749
-18
🇺🇸 Armenians · United States
690
-15
🇺🇸 Spanish · United States
665
-14
牛牛
11:22 Feudal Age
11:48 Double-Bit Axe
11:45 Horse Collar
17:19 Castle Age
16:41 Stone Mining
19:47 Bow Saw
20:55 Wheelbarrow
21:16 Heavy Plow
22:05 Hand Cart
26:09 Gold Mining
31:11 Gold Shaft Mining
30:58 Caravan
31:28 Coinage
34:21 Light Cavalry
35:12 Bloodlines
35:02 Husbandry
35:17 Forging
35:07 Scale Mail Armor
35:12 Scale Barding Armor
34:58 Fletching
35:08 Padded Archer Armor
35:15 Marauders
37:51 Imperial Age
38:56 Iron Casting
38:36 Chain Mail Armor
38:42 Chain Barding Armor
38:17 Bodkin Arrow
38:37 Leather Archer Armor
39:32 Two-Man Saw
39:17 Banking
38:57 Guilds
38:14 Elite Tarkan
39:15 Conscription
38:23 Hussar
38:23 Cavalier
38:33 Heavy Cavalry Archer
39:39 Parthian Tactics
40:15 Paladin
43:53 Blast Furnace
43:28 Plate Barding Armor
42:53 Bracer
44:07 Ballistics
44:47 Chemistry
44:00 Masonry
44:00 Clinker Construction
44:00 Careening
44:02 Devotion
55:34 Atheism
57:44 Spies/Treason
Uruz_7
10:31 Feudal Age
11:28 Double-Bit Axe
14:43 Loom
18:09 Castle Age
19:00 Scale Mail Armor
21:47 Squires
21:35 Arson
23:35 Forging
26:20 Iron Casting
26:15 Crossbowman
28:47 Fletching
30:30 Gold Mining
33:18 Wheelbarrow
33:04 Thumb Ring
36:20 Imperial Age
33:46 Town Watch
34:44 Bodkin Arrow
36:45 Arbalester
38:09 Conscription
40:14 Caravan
40:44 Onager
41:49 Ballistics
41:26 Murder Holes
41:17 Arrowslits
43:37 Shield Wall
52:43 Bow Saw
WINGER
0:28 Loom
13:10 Feudal Age
16:10 Double-Bit Axe
19:06 Castle Age
17:05 Stone Mining
17:22 Horse Collar
18:55 Gold Mining
20:20 Bow Saw
22:35 Heavy Plow
28:08 Gold Shaft Mining
28:15 Fortified Wall
32:24 Imperial Age
31:06 Forging
30:59 Scale Mail Armor
30:45 Crossbowman
31:34 Squires
31:19 Arson
32:12 Caravan
32:05 Pikeman
32:08 Elite Skirmisher
33:29 Iron Casting
33:10 Chain Mail Armor
33:26 Masonry
34:18 Chemistry
34:55 Architecture
35:28 Blast Furnace
33:52 Crossbowman
35:06 Conscription
36:02 Two-Man Saw
35:34 Crop Rotation
34:51 Arbalester
36:38 Ballistics
36:22 Bogsveigar
37:06 Plate Mail Armor
37:25 Fletching
37:35 Padded Archer Armor
38:45 Bodkin Arrow
38:56 Chieftains
39:10 Capped Ram
40:48 Hoardings
39:44 Elite Varangian Guard
41:00 Leather Archer Armor
41:28 Bracer
42:33 Ring Archer Armor
42:52 Siege Ram
44:06 Siege Engineers
43:45 Treadmill Crane
50:31 Man-at-Arms
51:07 Long Swordsman
55:28 Two-Handed Swordsman
56:58 Champion
serendipity
5:40 Loom
12:11 Feudal Age
16:28 Castle Age
14:23 Gold Mining
14:24 Stone Mining
18:24 Gold Shaft Mining
19:20 Double-Bit Axe
22:11 Scale Mail Armor
23:49 Squires
31:36 Chain Mail Armor
31:31 Forging
31:40 Bow Saw
31:44 Arson
34:11 Iron Casting
38:46 Imperial Age
38:05 Horse Collar
39:08 Chieftains
39:24 Elite Varangian Guard
40:52 Plate Mail Armor
41:48 Blast Furnace
46:44 Conscription
47:45 Caravan
vladimir
1:27 Loom
10:32 Feudal Age
13:54 Wheelbarrow
19:22 Bloodlines
20:15 Town Watch
22:32 Forging
22:32 Scale Barding Armor
22:33 Fletching
26:47 Castle Age
26:19 Padded Archer Armor
28:10 Iron Casting
27:56 Chain Barding Armor
27:31 Bodkin Arrow
30:08 Stone Mining
33:29 Capped Ram
35:20 Hand Cart
35:09 Town Patrol
38:50 Imperial Age
40:21 Cuman Mercenaries
40:42 Conscription
41:04 Siege Ram
44:35 Double-Bit Axe
44:40 Horse Collar
45:29 Elite Steppe Lancer
46:27 Gold Mining
46:35 Pikeman
47:15 Squires
AnarchistOwl
0:39 Loom
15:21 Feudal Age
15:26 Man-at-Arms
17:07 Wheelbarrow
17:03 Arson
17:02 Long Swordsman
17:46 Scale Mail Armor
18:59 Town Watch
19:42 Forging
19:30 Town Watch
29:21 Castle Age
28:46 Fletching
30:53 Gambesons
35:08 Double-Bit Axe
41:04 Hand Cart
43:31 Bodkin Arrow
43:50 Horse Collar
50:43 Treadmill Crane
SCAM-U-LONGTIME
0:26 Loom
12:00 Feudal Age
12:35 Horse Collar
12:45 Double-Bit Axe
22:27 Castle Age
25:37 Bloodlines
29:19 Husbandry
29:40 Scale Barding Armor
33:30 Fortified Wall
33:15 Murder Holes
33:39 Bow Saw
33:33 Heavy Plow
35:01 Wheelbarrow
35:24 Caravan
38:19 Hand Cart
38:14 Town Watch
44:07 Imperial Age
44:42 Masonry
Blyad-ül Suka
5:52 Loom
12:43 Feudal Age
13:10 Double-Bit Axe
13:09 Horse Collar
13:59 Gold Mining
14:35 Stone Mining
23:49 Castle Age
22:16 Scale Mail Armor
22:39 Forging
22:23 Man-at-Arms
22:55 Arson
24:52 Bow Saw
25:21 Heavy Plow
25:00 Long Swordsman
25:26 Gambesons
26:52 Gold Shaft Mining
27:11 Squires
30:58 Iron Casting
30:38 Chain Mail Armor
32:33 Town Watch
33:24 Wheelbarrow
36:41 Imperial Age
34:29 Town Patrol
35:12 Yasama
35:57 Hand Cart
37:32 Thumb Ring
37:05 Elite Samurai
38:26 Hoardings
38:18 Conscription
38:19 Kataparuto
39:58 Blast Furnace
39:29 Plate Mail Armor
39:23 Ballistics
40:04 Chemistry
38:57 Guard Tower
39:05 Murder Holes
39:20 Fortified Wall
39:22 Masonry
38:54 Treadmill Crane
40:18 Chemistry
39:41 Two-Handed Swordsman
39:42 Pikeman
42:13 Keep
41:23 Arrowslits
41:11 Champion
45:08 Halberdier
46:24 Parthian Tactics
45:53 Fletching
46:04 Padded Archer Armor
46:10 Scale Barding Armor
Connection lost

Rejoining the realm…

Still unreachable

The connection could not be restored.

Session expired

The server has moved on; the page needs a fresh start.